 Dungeon Crawl Stone Soup version 0.19.5 (webtiles) character file.

29538 Mesmaeker13 the Grappler (level 13, -7/133 HPs)
             Began as a Troll Berserker on Apr 5, 2017.
             Was a High Priest of Trog.
             Mangled by a seven-headed hydra (17 damage)
             ... on level 5 of the Lair of Beasts on Apr 6, 2017.
             The game lasted 00:40:51 (14274 turns).

Mesmaeker13 the Grappler (Troll Berserker)         Turns: 14274, Time: 00:40:51

Health: -7/133     AC:  7    Str: 30    XL:     13   Next: 15%
Magic:  18/18      EV: 15    Int:  4    God:    Trog [*****.]
Gold:   1024       SH:  0    Dex: 13    Spells: 0 memorised, 12 levels left

rFire  + . .     SeeInvis .       - Unarmed
rCold  + . .     Gourm    +     E - +1 robe {rC+ rF+}
rNeg   . . .     Faith    .     (no shield)
rPois  .         Spirit   .     (helmet restricted)
rElec  .         Reflect  .     p - +0 cloak
rCorr  .         Harm     .     (gloves unavailable)
MR     .....                    (boots unavailable)
Stlth  ++........               j - amulet of regeneration
                                O - +3 ring of dexterity
                                K - ring of stealth

@: hasted, very quick
A: unfitting armour, claws 3, fast metabolism 3, gourmand, regeneration 1,
shaggy fur 1, tough skin 2
a: Berserk, Trog's Hand, Brothers in Arms, Burn Spellbooks, Renounce Religion


You were on level 5 of the Lair of Beasts.
You worshipped Trog.
Trog was extremely pleased with you.
You were completely stuffed.

You visited 2 branches of the dungeon, and saw 16 of its levels.

You collected 1024 gold pieces.

Inventory:

Missiles
 H - a javelin of returning (quivered)
 U - 8 steel tomahawks
Armour
 p - a +0 cloak (worn)
 E - a +1 robe of resistance (worn)
Jewellery
 g - a cursed ring of teleportation {unknown}
 i - an uncursed ring of positive energy
 j - an amulet of regeneration (around neck)
 A - an uncursed ring of protection from fire {unknown}
 B - an uncursed ring of fire
 K - a ring of stealth (left claw)
 M - an uncursed ring of ice
 O - a +3 ring of dexterity (right claw)
Wands
 a - a wand of polymorph (12/24)
 t - a wand of lightning (5/15)
 I - a wand of teleportation (1/9)
 R - a wand of lightning (2/15)
Scrolls
 d - 4 scrolls of remove curse
 e - 5 scrolls of teleportation
 f - a scroll of fog {unknown}
 h - 5 scrolls of amnesia {unknown}
 m - 3 scrolls of magic mapping
 o - a scroll of identify
 r - a scroll of holy word {unknown}
 s - 3 scrolls of immolation {unknown}
 y - 2 scrolls of fear {unknown}
 z - a scroll of acquirement {unknown}
Potions
 c - 7 potions of curing
 l - 4 potions of magic
 n - 2 potions of might {unknown}
 u - 2 potions of haste
 w - a potion of agility {unknown}
 C - 7 potions of brilliance
 D - a potion of degeneration {unknown}
 G - a potion of ambrosia {unknown}
 J - 2 potions of flight {unknown}
 L - 2 potions of resistance
 N - a potion of cancellation {unknown}
 Q - a potion of berserk rage {unknown}
 T - a potion of mutation {unknown}
Miscellaneous
 q - a phantom mirror
Comestibles
 b - 14 bread rations
 k - a slice of pizza
 v - a meat ration


   Skills:
 + Level 10.1 Fighting
 + Level 10.1 Dodging
 + Level 11.9 Unarmed Combat
 - Level 8.2 Evocations


You had 12 spell levels left.
You didn't know any spells.

Dungeon Overview and Level Annotations

Branches:
Dungeon (11/15)            Temple (0/1) D:7            Lair (5/6) D:9
 Shoals (0/4) Lair:2        Snake (0/4) Lair:3
  Slime: Lair:5-6       Orc: D:9-12

Altars:
Fedhas
Nemelex Xobeh
Zin
The Shining One

Shops:
D:7 %   D:9 *


Innate Abilities, Weirdness & Mutations

You are too large for most types of armour.
You have claws for hands.
Your metabolism is lightning-fast.
You like to eat raw meat.
Your natural rate of healing is unusually fast.
You are covered in fur. (AC +1)
You have very tough skin. (AC +2)


Message History

The six-headed hydra is severely wounded.
Unknown command.
You tear one of the six-headed hydra's heads off!
The five-headed hydra grows two more!
You claw the seven-headed hydra! You claw the seven-headed hydra.
The seven-headed hydra is severely wounded.
The seven-headed hydra bites you. The seven-headed hydra bites you!
The seven-headed hydra bites you. The seven-headed hydra bites you! x2
* * * LOW HITPOINT WARNING * * *
The seven-headed hydra barely misses you.
The seven-headed hydra bites you!
* * * LOW HITPOINT WARNING * * *
You feel yourself speed up.
The seven-headed hydra completely misses you.
The seven-headed hydra bites you.
* * * LOW HITPOINT WARNING * * *
The seven-headed hydra bites you!
* * * LOW HITPOINT WARNING * * *
The seven-headed hydra bites you!
You die...

##### .## ###....##.###.
#..##.#.#......## #.
..(.........### #.
.............# ##
##...........## #.
P...........P# #P
###...........## ###
#P..D.........# #..
#..@.........## ###
##............# #. ## ###
#............# #.
#P######.###............##
##
#..##....................#
#.
##......................##
#.
##..##..#.#...#P.P.....#
#.
##.##.#####..######....#
#. #P.#### ##...# #P....##
#P


You could see a seven-headed hydra.

Vanquished Creatures
  A hydra (Lair:4)
  Erolcha (D:9)
  2 hill giants (D:10)
  3 elephants (Lair:4)
  Joseph (D:9)
  Maurice (D:8)
  5 black mambas
  11 spiny frogs
  Psyche (D:9)
  A rime drake (Lair:4)
  3 komodo dragons
  2 trolls
  A two-headed ogre (D:10)
  A polar bear (Lair:4)
  3 blink frogs (Lair:4)
  6 hippogriffs
  Prince Ribbit (D:8)
  2 wyverns
  A spriggan (D:7)
  33 yaks
  A basilisk (Lair:4)
  A hungry ghost (D:10)
  12 water moccasins
  8 porcupines
  15 orc warriors
  3 ice beasts
  2 phantoms
  2 black bears (D:9)
  3 centaurs
  A necrophage (D:7)
  7 ogres
  12 wolves
  10 crocodiles
  11 bullfrogs
  A wyvern zombie (D:8)
  3 scorpions
  14 killer bees
  3 electric eels
  6 howler monkeys
  6 crimson imps
  A centaur zombie (D:7)
  18 orc wizards
  13 orc priests
  A bullfrog skeleton (D:7)
  11 hounds
  Jessica (D:3)
  A centaur skeleton (D:10)
  An iguana (D:11)
  Natasha (twice) (D:2)
  6 worker ants
  A killer bee zombie (D:8)
  A hound zombie (D:8)
  A worker ant zombie (D:9)
  8 gnolls
  15 adders
  3 shadow imps
  An ooze (D:5)
  5 leopard geckos
  74 orcs
  6 bats
  5 giant cockroaches
  9 goblins
  10 hobgoblins
  20 jackals
  9 kobolds
  9 quokkas
  A ball python (D:2)
  3 frilled lizards
  5 goblin skeletons (D:6)
  4 hobgoblin zombies (D:6)
  A jackal skeleton (D:5)
  A jackal zombie (D:5)
  4 kobold skeletons (D:6)
  A leopard gecko skeleton (D:5)
  An orc skeleton (D:6)
  2 orc zombies (D:6)
  3 rats (D:2)
459 creatures vanquished.

Vanquished Creatures (collateral kills)
  A queen bee (D:9)
  2 orc warriors (D:10)
  22 killer bees (D:9)
  An orc priest (D:10)
  7 orcs (D:10)
33 creatures vanquished.

Vanquished Creatures (others)
  4 fungi
4 creatures vanquished.

Grand Total: 496 creatures vanquished

Notes
Turn   | Place    | Note
-------+----------+-------------------------------------------
     0 | D:1      | Mesmaeker13 the Troll Berserker began the quest for the Orb.
     0 | D:1      | Reached XP level 1. HP: 22/22 MP: 0/0
   272 | D:1      | Reached XP level 2. HP: 29/29 MP: 1/1
   652 | D:2      | Reached XP level 3. HP: 31/36 MP: 2/2
   898 | D:2      | Reached XP level 4. HP: 44/44 MP: 3/3
   960 | D:2      | Reached skill level 4 in Unarmed Combat
  1010 | D:2      | Reached ** piety under Trog
  1349 | D:2      | Noticed Natasha
  1357 | D:2      | Killed Natasha
  1357 | D:2      | Reached XP level 5. HP: 48/53 MP: 4/4
  1420 | D:2      | Noticed Natasha
  1428 | D:2      | Killed Natasha
  1625 | D:3      | Noticed an ogre
  1636 | D:3      | Killed an ogre
  1833 | D:3      | Reached XP level 6. HP: 55/61 MP: 5/5
  1973 | D:3      | Reached skill level 5 in Unarmed Combat
  2072 | D:3      | Noticed Jessica
  2081 | D:3      | Killed Jessica
  2161 | D:3      | Reached *** piety under Trog
  2664 | D:4      | Found a sand-covered staircase.
  2744 | D:4      | Reached XP level 7. HP: 65/70 MP: 6/6
  2810 | D:4      | Found a sparkling altar of Nemelex Xobeh.
  2904 | D:4      | Reached skill level 1 in Evocations
  3174 | D:5      | Entered Level 5 of the Dungeon
  3413 | D:5      | Reached **** piety under Trog
  3845 | D:6      | Found a blossoming altar of Fedhas.
  3876 | D:6      | Reached skill level 6 in Unarmed Combat
  3947 | D:6      | Reached XP level 8. HP: 73/79 MP: 8/8
  4002 | D:6      | Found a glowing golden altar of the Shining One.
  4012 | D:6      | Reached skill level 5 in Dodging
  4066 | D:6      | Received a gift from Trog
  4066 | D:6      | Reached skill level 5 in Fighting
  4610 | D:7      | Found Nabliukas's Food Emporium.
  4820 | D:7      | Reached skill level 7 in Unarmed Combat
  4827 | D:7      | Reached XP level 9. HP: 81/88 MP: 10/10
  5107 | D:7      | Found a staircase to the Ecumenical Temple.
  5120 | D:7      | Got a smoking platinum amulet
  5121 | D:7      | Identified the amulet "Unnag" {Harm *Drain rF+} (You found it on level 7 of the Dungeon)
  5525 | D:8      | Noticed Prince Ribbit
  5531 | D:8      | Killed Prince Ribbit
  5553 | D:8      | Noticed Maurice
  5614 | D:8      | Killed Maurice
  5647 | D:8      | Reached ***** piety under Trog
  5662 | D:8      | Reached skill level 8 in Unarmed Combat
  5701 | D:8      | Found a glowing silver altar of Zin.
  5996 | D:8      | Reached XP level 10. HP: 79/100 MP: 12/12
  6258 | D:8      | Reached skill level 5 in Evocations
  6498 | D:9      | Noticed Joseph
  6572 | D:9      | Killed Joseph
  6672 | D:9      | Got a warped plate armour
  6866 | D:9      | Reached skill level 9 in Unarmed Combat
  6884 | D:9      | Noticed Erolcha
  6886 | D:9      | Noticed Psyche
  6895 | D:9      | Killed Erolcha
  6899 | D:9      | Killed Psyche
  7001 | D:9      | Found a staircase to the Lair.
  7215 | D:9      | Reached XP level 11. HP: 105/110 MP: 14/14
  7463 | D:9      | Found Fiho Qos's Assorted Antiques.
  7668 | Lair:1   | Entered Level 1 of the Lair of Beasts
  7700 | D:10     | Entered Level 10 of the Dungeon
  7787 | D:10     | Noticed a hill giant
  7813 | D:10     | Killed a hill giant
  7903 | D:10     | Noticed a hill giant
  7908 | D:10     | Killed a hill giant
  7989 | D:10     | Reached skill level 10 in Unarmed Combat
  8158 | D:10     | Received a gift from Trog
  8179 | D:10     | Got a brightly glowing hand crossbow {god gift}
  8388 | D:11     | Reached ****** piety under Trog
 10161 | Lair:2   | Reached XP level 12. HP: 86/122 MP: 16/16
 10223 | Lair:2   | Found a labyrinth entrance.
 10242 | Lair:2   | Received a gift from Trog
 10528 | Lair:2   | Found a staircase to the Shoals.
 10974 | Lair:2   | Reached skill level 11 in Unarmed Combat
 11996 | Lair:3   | Found a staircase to the Snake Pit.
 13101 | Lair:4   | Noticed a seven-headed hydra
 13108 | Lair:4   | Killed an eight-headed hydra
 13259 | Lair:4   | Reached XP level 13. HP: 126/133 MP: 18/18
 13500 | Lair:4   | Reached skill level 10 in Dodging
 13662 | Lair:4   | Reached skill level 10 in Fighting
 14274 | Lair:5   | Mangled by a seven-headed hydra

Skill      XL: |  1  2  3  4  5  6  7  8  9 10 11 12 13 |
---------------+----------------------------------------+-----
Dodging        | 3 4 5 6 7 8 9 10 | 10.1
Unarmed Combat | 4 5 6 7 8 9 10 11 | 11.9
Fighting       | 3 4 5 6 7 8 9 10 | 10.1
Evocations     | 2 3 4 5 7 8 |  8.2

Action                   |  1- 3 |  4- 6 |  7- 9 | 10-12 | 13-15 || total
-------------------------+-------+-------+-------+-------+-------++-------
Melee: Unarmed           |    38 |   172 |   423 |   735 |    79 ||  1447
       Punch             |     1 |       |    13 |    39 |     8 ||    61
Throw: Throwing net      |       |       |     1 |       |       ||     1
       Javelin           |       |       |       |     3 |     2 ||     5
Invok: Berserk           |     1 |     1 |     1 |     6 |       ||     9
       Trog's Hand       |       |       |     4 |    11 |       ||    15
       Burn Spellbooks   |       |       |     2 |     2 |       ||     4
       Brothers in Arms  |       |       |       |     2 |       ||     2
Evoke: Wand              |       |       |     4 |     7 |     5 ||    16
  Use: Scroll            |       |     4 |     4 |     8 |       ||    16
       Potion            |       |       |     1 |     3 |     1 ||     5
 Stab: Sleeping          |     1 |     1 |       |       |     1 ||     3
  Eat: Chunk             |    10 |    21 |    34 |    83 |     9 ||   157
       Bread ration      |       |       |       |     1 |       ||     1
Armor: Animal skin       |    10 |    51 |    76 |       |       ||   137
       Robe              |       |       |    36 |   128 |    21 ||   185
Dodge: Dodged            |    21 |    81 |   263 |   477 |    42 ||   884
